 Dungeon Crawl Stone Soup version 0.18-a0-1640-g8b6524e (webtiles) character file.

283 tinkerttoy the Ruffian (level 6, -1/59 HPs)
             Began as a Troll Monk on Mar 27, 2016.
             Was a Believer of Makhleb.
             Slain by Grinder (3 damage)
             ... on level 3 of the Dungeon.
             The game lasted 00:11:01 (1691 turns).

tinkerttoy the Ruffian (Troll Monk)                 Turns: 1691, Time: 00:11:02

Health: -1/59      AC: 10    Str: 22    XL:     6   Next: 7%
Magic:  5/5        EV: 11    Int:  6    God:    Makhleb [**....]
Gold:   144        SH:  0    Dex: 12    Spells: 0 memorised, 5 levels left

rFire  . . .     SeeInvis .       - Unarmed
rCold  . . .     Gourm    +     a - +1 robe
rNeg   . . .     Faith    .     (no shield)
rPois  .         Spirit   .     r - +1 hat
rElec  .         Dismiss  .     c - +2 cloak
rCorr  .         Reflect  .     (gloves unavailable)
SustAt .         Harm     .     (boots unavailable)
MR     .....                    (no amulet)
Stlth  +.........               (no ring)
                                (no ring)

@: not resistant to hostile enchantments, very unstealthy
A: unfitting armour, claws 3, fast metabolism 3, gourmand, regeneration 2,
shaggy fur 1, tough skin 2
a: Minor Destruction, Renounce Religion


You were on level 3 of the Dungeon.
You worshipped Makhleb.
Makhleb was pleased with you.
You were completely stuffed.

You visited 1 branch of the dungeon, and saw 3 of its levels.

You collected 144 gold pieces.

Inventory:

Missiles
 g - 88 stones (quivered)
Armour
 a - a +1 robe (worn)
 c - a +2 cloak (worn)
 r - a +1 hat (worn)
Jewellery
 e - an uncursed amulet of rage
 j - an uncursed ring of resist corrosion {unknown}
Scrolls
 d - 4 scrolls of identify
 f - a scroll of blinking {unknown}
 i - 4 scrolls of amnesia
 k - a scroll of random uselessness {unknown}
 p - a scroll of magic mapping {unknown}
 s - a scroll of noise {unknown}
Potions
 l - a potion of mutation {unknown}
 m - a potion of resistance {unknown}
 q - a potion of magic {unknown}
 t - a potion of curing {unknown}
Comestibles
 b - 4 bread rations
 h - 2 meat rations
 n - 9 fruits
 o - 4 chunks of flesh


   Skills:
 - Level 2.4 Fighting
 + Level 4.4 Dodging
 - Level 1.1 Stealth
 + Level 5.8 Unarmed Combat


You had 5 spell levels left.
You didn't know any spells.

Dungeon Overview and Level Annotations

Branches:
Dungeon (3/15)

Altars:
Makhleb
Okawaru
Ru
Trog

Annotations:
D:3 Grinder


Innate Abilities, Weirdness & Mutations

You are too large for most types of armour.
You have claws for hands.
Your metabolism is lightning-fast.
You like to eat raw meat.
You heal very quickly.
You are covered in fur (AC +1).
You have very tough skin (AC +2).


Message History

You suddenly lose the ability to move!
Grinder hits you.
You writhe in agony.
Grinder hits you. Grinder hits you but does no damage. Grinder gestures at you.
Pain shoots through your body!
* * * LOW HITPOINT WARNING * * *
Grinder gestures at you.
You shrug off the repeated paralysis!
Grinder hits you!
* * * LOW HITPOINT WARNING * * *
You writhe in agony.
* * * LOW HITPOINT WARNING * * *
You can move again.
You scratch Grinder. Your claw misses Grinder.
Grinder is heavily wounded.
Grinder hits you.
* * * LOW HITPOINT WARNING * * *
You writhe in agony.
You die...

#..........# #..........#
#..........#
####..........######.
#....................
.)##>........ยง####### #
...#####.###..##########.# ...#
#.# #.........#...# ...# #.#
#...5@......#
...#####.###.....[...###
..........).#####).).#
.........##.###..)##.####.# .#
.........##...............# ..
...).....##.................###.#
.............#...........#.......
............................###..
.##........#####..............##.


You could see Grinder.

Vanquished Creatures
  4 orc priests (D:3)
  An orc wizard (D:3)
  Terence (D:3)
  3 adders
  An ooze (D:2)
  2 worms
  4 dart slugs
  A giant gecko (D:2)
  3 orcs (D:3)
  4 giant cockroaches
  6 goblins
  2 hobgoblins
  4 jackals (D:3)
  2 quokkas (D:3)
  13 bats
  5 giant newts
  8 kobolds
  9 rats
  A plant (D:1)
74 creatures vanquished.

Notes
Turn   | Place    | Note
--------------------------------------------------------------
     0 | D:1      | tinkerttoy the Troll Monk began the quest for the Orb.
     0 | D:1      | Reached XP level 1. HP: 22/22 MP: 0/0
   356 | D:1      | Reached XP level 2. HP: 29/29 MP: 1/1
   812 | D:2      | Reached XP level 3. HP: 36/36 MP: 2/2
   901 | D:2      | Found a sacrificial altar of Ru.
   966 | D:2      | Found a burning altar of Makhleb.
  1288 | D:3      | Reached XP level 4. HP: 44/44 MP: 3/3
  1380 | D:3      | Found a bloodstained altar of Trog.
  1385 | D:3      | Found an iron altar of Okawaru.
  1473 | D:2      | Became a worshipper of Makhleb the Destroyer
  1473 | D:2      | Reached * piety under Makhleb
  1473 | D:2      | Reached ** piety under Makhleb
  1505 | D:3      | Noticed Terence
  1518 | D:3      | Killed Terence
  1518 | D:3      | Reached skill level 5 in Unarmed Combat
  1605 | D:3      | Reached XP level 5. HP: 50/50 MP: 4/4
  1648 | D:3      | Noticed Grinder
  1667 | D:3      | Reached XP level 6. HP: 20/59 MP: 5/5
  1684 | D:3      | Paralysed by Grinder for 6 turns
  1691 | D:3      | HP: 2/59 [Grinder (3)]
  1691 | D:3      | Slain by Grinder

Vault maps used:
D:1:      tarquinn_simple_flora_water_f, serial_forest,
          infiniplex_forest_clump_small, infiniplex_forest_zigzag_1,
          infiniplex_forest_straight_2, infiniplex_forest_clump_double,
          infiniplex_forest_lined_3, infiniplex_forest_clump_diagonal
D:2:      overflow_temple_1_default, nicolae_ru_sacrificial_ziggurat
D:3:      grunt_temple_overflow_open, first_bread, uniq_grinder, uniq_terence

Skill      XL: |  1  2  3  4 |
---------------+-------------+-----
Dodging        | 3 4 |  4.4
Unarmed Combat | 5 |  5.8
Fighting       | |  2.4
Stealth        | |  1.1

Action                   |  1- 3 |  4- 6 || total
-------------------------+-------+-------++-------
Melee: Unarmed           |   145 |    70 ||   215
Throw: Stone             |     5 |       ||     5
Invok: Minor Destruction |       |     1 ||     1
  Use: Scroll            |     6 |       ||     6
 Stab: Sleeping          |     1 |       ||     1
  Eat: Chunk             |    16 |     5 ||    21
